 Dungeon Crawl Stone Soup version 0.22.0-60-ga52c2fc (webtiles) character file.

15894 Anon1729 the Cleaver (level 12, -9/112 HPs)
             Began as a Naga Gladiator on Sept 9, 2018.
             Was a Believer of Uskayaw.
             Mangled by a minotaur (19 damage)
             ... in a labyrinth.
             The game lasted 00:41:04 (15633 turns).

Anon1729 the Cleaver (Naga Gladiator)              Turns: 15633, Time: 00:41:04

Health: -9/112     AC: 22    Str: 15 (16) XL:     12   Next: 31%
Magic:  19/19      EV: 10    Int: 18 (21) God:    Uskayaw [**....]
Gold:   282        SH:  0    Dex: 13 (15) Spells: 11/11 levels left

rFire    . . .     SeeInvis +   u - +0 war axe (freeze)
rCold    . . .     Gourm    .   (no shield)
rNeg     . . .     Faith    .   y - +4 ring mail of Weightlessness {+Blink rElec Str-3 Int+4}
rPois    +         Spirit   .   c - +2 helmet
rElec    +         Reflect  .   l - +2 cloak
rCorr    .         Harm     .   Q - +2 pair of gloves {Dex+3}
MR       ++...                  (no barding)
Stlth    +.........             (no amulet)
HPRegen  0.28/turn              d - ring of protection from magic
MPRegen  0.16/turn              B - +5 ring of intelligence

@: very slow
A: large, see invisible, deformed body, poison resistance, slowness 2, slow
metabolism 1, spit poison 1, AC +4
a: Spit Poison, Stomp, Line Pass, Renounce Religion, Evoke Blink


You were in a labyrinth.
You worshipped Uskayaw.
Uskayaw was aware of your devotion.
You were near starving.

You visited 3 branches of the dungeon, and saw 14 of its levels.
You also visited: Labyrinth and Ossuary.

You collected 536 gold pieces.
You spent 254 gold pieces at shops.

Inventory:

Hand Weapons
 b - a +0 broad axe
 f - a +0 hand axe of electrocution
 u - a +0 war axe of freezing (weapon)
Armour
 c - a +2 helmet (worn)
 l - a +2 cloak (worn)
 y - the +4 ring mail of Weightlessness (worn) {+Blink rElec Str-3 Int+4}
   (You found it on level 4 of the Dungeon)

   It affects your strength (-3).
   It affects your intelligence (+4).
   It insulates you from electricity.
   It lets you blink.
 E - a +0 cloak of magic resistance
 Q - a +2 pair of gloves of dexterity (worn)
Jewellery
 d - a ring of protection from magic (left hand)
 z - an uncursed ring of ice
 B - a +5 ring of intelligence (right hand)
Wands
 i - a wand of acid (9)
 t - a wand of iceblast (7)
 v - a wand of clouds (7)
 C - a wand of digging (10)
 M - a wand of polymorph (13)
 P - a wand of paralysis (11)
Scrolls
 a - 2 scrolls of remove curse
 e - 4 scrolls of fog
 g - a scroll of summoning
 h - 4 scrolls of teleportation
 n - a scroll of enchant weapon {unknown}
 p - 3 scrolls of immolation
 s - a scroll of magic mapping
 w - 4 scrolls of blinking
 F - 3 scrolls of fear {unknown}
 G - a scroll of identify
 K - 3 scrolls of noise {unknown}
 N - a scroll of vulnerability {unknown}
Potions
 j - 3 potions of heal wounds
 k - 2 potions of agility
 m - 5 potions of mutation
 o - 3 potions of might {unknown}
 q - 2 potions of flight
 r - 3 potions of brilliance {unknown}
 x - 4 potions of curing {unknown}
 A - a potion of cancellation {unknown}
 H - 2 potions of ambrosia {unknown}
 I - 3 potions of lignification {unknown}
 J - a potion of resistance {unknown}
 L - a potion of magic {unknown}
 O - a potion of haste {unknown}


   Skills:
 + Level 8.9 Fighting
 * Level 12.3 Axes
 - Level 2.0 Throwing
 + Level 7.1 Armour
 - Level 3.1 Dodging
 * Level 10.3 Invocations


You had 11 spell levels left.
You didn't know any spells.
Your spell library contained the following spells:

 Spells                   Type           Power        Failure   Level  Hunger
 Flame Tongue             Conj/Fire      #....        36%         1    ##.....
 Throw Flame              Conj/Fire      #.....       52%         2    ###....
 Conjure Flame            Conj/Fire      #.......     75%         3    ####...
 Inner Flame              Hex/Fire       #.......     75%         3    ####...
 Sticky Flame             Conj/Fire      #.......     98%         4    #####..
 Fireball                 Conj/Fire      #.........   100%        5    ######.


Dungeon Overview and Level Annotations

Branches:
Dungeon (11/15)            Temple (1/1) D:4            Lair (2/6) D:8
  Swamp: Lair:2-4    Shoals: Lair:2-4     Snake: Lair:2-4    Spider: Lair:2-4
    Orc: D:9-12

Altars:
Ashenzari
Cheibriados
Dithmenos
Elyvilon
Fedhas
Gozag
Hepliaklqana
Kikubaaqudgha
Makhleb
Nemelex Xobeh
Okawaru
Qazlal
Ru
Sif Muna
Trog
Uskayaw
Vehumet
Wu Jian
Xom
Yredelemnul
Zin
The Shining One

Shops:
D:5 =   D:10 }*((


Innate Abilities, Weirdness & Mutations

You cannot wear boots.
Your serpentine skin is tough. (AC +4)
You have supernaturally acute eyesight. (SInv)
Armour fits poorly on your strangely shaped body.
Your system is resistant to poisons. (rPois)
You cover ground very slowly.
You have a slow metabolism.
You can spit poison.


Message History

The minotaur is no longer paralysed.
The minotaur hits you!
* * * LOW HITPOINT WARNING * * *
The minotaur gores you!
* * * LOW HITPOINT WARNING * * *
The minotaur misses you.
The minotaur gores you but does no damage.
You barely miss the minotaur.
The minotaur is almost dead.
You hit the plant. You freeze the plant. You hit the plant.
You freeze the plant. The minotaur hits you!
* * * LOW HITPOINT WARNING * * *
The minotaur gores you but does no damage.
You hit the minotaur but do no damage.
The minotaur is almost dead.
You hit the plant but do no damage. x2
You hit the minotaur. You freeze the minotaur.
The minotaur is almost dead.
You hit the plant. You freeze the plant. You slash the plant!
You freeze the plant. The minotaur hits you!!
You die...

. #.# .# ... .
##.###.#.###.#
# # ...#...#..
#... .
##.PP?P.## .##
# #..≈≈≈P...#
# #.P≈♣≈(## #.
####
#.P≈≈≈P.#....
.#
#..PPP..#####
.
#...H@.(<(..#
#.###.#.#.#.#
.....#.#
#########


You could see a minotaur.

Vanquished Creatures
  Gastronok (D:11)
  Maurice (D:8)
  A black mamba (Lair:2)
  2 spiny frogs (Lair:1)
  A komodo dragon (Lair:1)
  A troll (D:6)
  A hippogriff (D:11)
  5 blink frogs (Lair:1)
  2 wraiths
  Sigmund (D:2)
  3 wyverns
  19 yaks
  Eustachio (D:6)
  2 basilisks (Lair:2)
  6 hungry ghosts
  5 water moccasins
  A porcupine (Lair:2)
  Edmund (D:4)
  4 ice beasts
  3 sky beasts
  4 orc warriors
  A black bear (D:9)
  A phantom (D:7)
  7 ogres
  6 wolves
  7 centaurs
  A crocodile (D:9)
  2 big kobolds (D:10)
  7 bullfrogs
  A wyvern zombie (D:5)
  A scorpion (D:5)
  A water moccasin skeleton (D:5)
  8 killer bees
  6 howler monkeys
  3 crimson imps
  2 centaur zombies
  2 human zombies (Ossuary)
  A centaur skeleton (D:7)
  5 jellies
  3 hounds
  8 orc priests
  A bullfrog skeleton (D:5)
  Jessica (D:2)
  3 iguanas
  11 orc wizards
  7 worker ants
  2 big kobold zombies (Ossuary)
  A hound skeleton (D:6)
  3 mummies (Ossuary)
  Robin (D:3)
  4 gnolls (D:6)
  13 adders
  3 shadow imps
  3 oozes
  A worm (D:5)
  2 dart slugs
  6 leopard geckos
  45 orcs
  2 ball pythons (D:1)
  7 giant cockroaches
  15 goblins
  9 hobgoblins
  9 jackals
  20 kobolds
  4 quokkas (D:2)
  8 bats
  4 frilled lizards
  A goblin zombie (Ossuary)
  2 kobold zombies (Ossuary)
  7 rats
333 creatures vanquished.

Vanquished Creatures (others)
  A killer bee (D:7)
  2 fungi (Lair:2)
3 creatures vanquished.

Grand Total: 336 creatures vanquished

Notes
Turn   | Place    | Note
-------+----------+-------------------------------------------
     0 | D:1      | Anon1729 the Naga Gladiator began the quest for the Orb.
     0 | D:1      | Reached XP level 1. HP: 19/19 MP: 1/1
   200 | D:1      | Reached XP level 2. HP: 22/26 MP: 2/2
   807 | D:1      | Reached XP level 3. HP: 31/32 MP: 3/3
  1433 | D:2      | Reached skill level 1 in Armour
  1433 | D:2      | Reached XP level 4. HP: 40/40 MP: 4/4
  1456 | D:2      | Noticed Sigmund
  1472 | D:2      | Killed Sigmund
  1472 | D:2      | Reached skill level 4 in Axes
  1472 | D:2      | Reached XP level 5. HP: 9/49 MP: 5/5
  1769 | D:2      | Reached XP level 6. HP: 56/56 MP: 6/6
  2048 | D:2      | Found a faded altar of an unknown god.
  2195 | D:2      | Noticed Jessica
  2203 | D:2      | Killed Jessica
  2420 | D:3      | Noticed Robin
  2433 | D:3      | Killed Robin
  2603 | D:3      | Reached skill level 5 in Axes
  3737 | D:4      | Reached XP level 7. HP: 59/63 MP: 7/7
  3895 | D:4      | Got a warped ring mail
  3906 | D:4      | Identified the +4 ring mail of Weightlessness {+Blink rElec
                  | Str-3 Int+4} (You found it on level 4 of the Dungeon)
  4112 | D:4      | Noticed Edmund
  4135 | D:4      | Killed Edmund
  4135 | D:4      | Reached skill level 6 in Axes
  4224 | D:4      | Found a staircase to the Ecumenical Temple.
  4285 | Temple   | Entered the Ecumenical Temple
  4473 | Temple   | Became a worshipper of Uskayaw the Reveler
  4790 | D:4      | Reached * piety under Uskayaw
  5059 | D:5      | Entered Level 5 of the Dungeon
  5121 | D:5      | Found Ruinlye's Jewellery Boutique.
  5131 | D:5      | Reached ** piety under Uskayaw
  5310 | D:5      | Reached XP level 8. HP: 58/73 MP: 8/8
  5362 | D:5      | Reached *** piety under Uskayaw
  5538 | D:5      | Reached skill level 7 in Axes
  5567 | D:5      | Found a shattered altar of Ashenzari.
  5673 | D:5      | Reached skill level 5 in Fighting
  5907 | D:6      | Noticed a troll
  5921 | D:6      | HP: 3/74 [troll (5)]
  5926 | D:6      | Noticed Eustachio
  6406 | D:6      | Reached skill level 8 in Axes
  6488 | D:6      | Reached XP level 9. HP: 45/81 MP: 9/9
  6492 | D:6      | Reached **** piety under Uskayaw
  6784 | D:6      | Killed Eustachio
  6784 | D:6      | Reached skill level 1 in Invocations
  6983 | D:6      | Killed a troll
  7742 | D:7      | Reached skill level 9 in Axes
  7931 | D:7      | Found a burning altar of Makhleb.
  8009 | D:7      | Found a bloodstained altar of Trog.
  8102 | D:7      | Found a shadowy altar of Dithmenos.
  8386 | D:7      | Reached skill level 5 in Armour
  8765 | D:7      | Reached skill level 5 in Invocations
  8765 | D:7      | Reached XP level 10. HP: 52/92 MP: 11/13
  9113 | D:7      | Found an iron altar of Okawaru.
  9363 | D:8      | Noticed Maurice
  9376 | D:8      | Killed Maurice
  9390 | D:8      | Found a sand-covered staircase.
  9526 | Ossuary  | Entered an ossuary
  9801 | D:8      | Reached skill level 10 in Axes
  9805 | D:8      | Found a glowing silver altar of Zin.
 10554 | D:8      | Found a staircase to the Lair.
 10908 | D:9      | Reached ***** piety under Uskayaw
 10909 | D:9      | Reached XP level 11. HP: 23/100 MP: 16/16
 11926 | D:9      | Reached skill level 11 in Axes
 12138 | D:10     | Entered Level 10 of the Dungeon
 12453 | D:10     | Found Qatidi's General Store.
 12458 | D:10     | Bought a potion of heal wounds for 70 gold pieces
 12812 | D:10     | Found Qamom's Antique Weapon Emporium.
 12818 | D:10     | Bought an ebony hand axe for 184 gold pieces
 12818 | D:10     | Identified the cursed +0 hand axe "Yblebluo" {freeze,
                  | +Blink} (You bought it in a shop on level 10 of the
                  | Dungeon)
 12872 | D:10     | Found Uxicil's Weapon Boutique.
 13068 | D:10     | Found Foavy's Gadget Shop.
 13155 | D:11     | Noticed Gastronok
 13206 | D:11     | Killed Gastronok
 13221 | D:11     | Noticed a cyan ugly thing
 13593 | Lair:1   | Entered Level 1 of the Lair of Beasts
 14176 | Lair:1   | Reached XP level 12. HP: 82/112 MP: 19/19
 14191 | Lair:1   | Reached skill level 12 in Axes
 14457 | Lair:1   | Got an ancient quarterstaff
 14458 | Lair:1   | Identified the +6 quarterstaff "Dragonslayer" {pain, rF+}
                  | (You found it on level 1 of the Lair of Beasts)
 14588 | Lair:1   | HP: 3/112 [spiny frog (16)]
 14589 | Lair:1   | Reached skill level 10 in Invocations
 14589 | Lair:1   | HP: 1/112 [poisoned by a spiny frog]
 15286 | Lair:2   | Found a labyrinth entrance.
 15384 | Lab      | Entered a labyrinth
 15596 | Lab      | Noticed a minotaur
 15633 | Lab      | Mangled by a minotaur

Skill      XL: |  1  2  3  4  5  6  7  8  9 10 11 12 |
---------------+-------------------------------------+-----
Throwing       | 2 |  2.0
Armour         | 1 2 3 4 5 6 7 |  7.1
Fighting       | 3 4 5 6 7 8 |  8.9
Axes           | 4 5 6 8 9 10 11 12 | 12.3
Dodging        | 3 |  3.1
Invocations    | 5 7 9 10 | 10.3

Action                   |  1- 3 |  4- 6 |  7- 9 | 10-12 || total
-------------------------+-------+-------+-------+-------++-------
Melee: War axe           |    94 |   184 |   277 |   279 ||   834
       Broad axe         |       |       |    17 |   115 ||   132
       Hand axe          |       |       |       |   279 ||   279
Throw: Throwing net      |       |     3 |     3 |       ||     6
Invok: Stomp             |       |       |    10 |     6 ||    16
       Line Pass         |       |       |     3 |     6 ||     9
 Abil: Spit Poison       |     3 |    13 |    28 |    22 ||    66
       Evoke Blink       |       |       |     4 |     1 ||     5
Evoke: Wand              |       |       |       |     9 ||     9
       Phantom mirror    |       |       |       |     1 ||     1
  Use: Scroll            |       |       |     7 |    12 ||    19
       Potion            |       |       |     2 |     3 ||     5
 Stab: Sleeping          |       |     1 |       |       ||     1
       Held in net/web   |       |       |     2 |       ||     2
       Paralysed         |       |       |    12 |    42 ||    54
       Confused          |       |       |       |     6 ||     6
  Eat: Chunk             |     1 |     7 |    17 |    14 ||    39
       Ration            |       |       |     5 |     5 ||    10
Armor: Leather armour    |    30 |    18 |       |       ||    48
       Chain mail        |       |    80 |     3 |       ||    83
       Ring mail         |       |       |   203 |   316 ||   519
Dodge: Dodged            |    66 |    89 |   169 |   265 ||   589
